General information
			
			
        
        - name: grudge
 
        - type: Custom game
 
        - host: ball_sweets
 
        - saver: ball_sweets
 
        
map: TwistedMeadows 
        - players: 4
 
        - length: 22:29
 
        - speed: Fast
 - version: 1.22 W3XP
 - replay type:  Public
 
» download(99 KB)
Players
        team 1 (winner) 
              
              
MrFrosty (
blue | 136 APM | 3061 actions | 22:29)
              
 6 Archmage 
 3 Summon Water Elemental
 2 Brilliance Aura
 1 Mass Teleport
 3 Mountain King 
 2 Storm Bolt
 1 Bash
 
                » actions 
                
                | Assign group hotkey | 36 |  | 
| Basic commands | 122 |  | 
| Build / train | 89 |  | 
| ESC pressed | 1 |  | 
| Enter build submenu | 24 |  | 
| Enter hero's abilities submenu | 9 |  | 
| Give item / drop item | 4 |  | 
| Remove unit from queue | 1 |  | 
| Right click | 1587 |  | 
| Select / deselect | 572 |  | 
| Select group hotkey | 503 |  | 
| Use ability | 112 |  | 
                3061 total
 » units 
                
                | Peasant | 23 |  | 
| Footman | 12 |  | 
| Goblin Shredder | 1 |  | 
| Goblin Zeppelin | 1 |  | 
| Spell Breaker | 11 |  | 
| Priest | 2 |  | 
| Sorceress | 1 |  | 
                51 total
 » upgrades
                » buildings
                
                | Altar of Kings | 1 |  | 
| Farm | 11 |  | 
| Barracks | 1 |  | 
| Scout Tower | 6 |  | 
| Arcane Tower | 2 |  | 
| Lumber Mill | 1 |  | 
| Arcane Vault | 1 |  | 
| Town Hall | 1 |  | 
| Guard Tower | 3 |  | 
| Keep | 1 |  | 
| Arcane Sanctum | 2 |  | 
| Gryphon Aviary | 1 |  | 
                31 total
 » build order
                00:06 Altar of Kings
00:11 Farm
00:44 Barracks
01:06 Farm
02:37 Farm
02:51 Scout Tower
03:15 Farm
03:19 Arcane Tower
03:32 Lumber Mill
04:30 Arcane Vault
04:56 Scout Tower
04:57 Scout Tower
05:22 Scout Tower
05:32 Arcane Tower
06:26 Town Hall
06:47 Guard Tower
07:43 Keep
08:12 Scout Tower
08:15 Scout Tower
08:57 Guard Tower
10:12 Guard Tower
10:45 Arcane Sanctum
10:48 Arcane Sanctum
17:00 Farm
17:01 Farm
17:01 Farm
17:02 Farm
17:21 Farm
17:22 Farm
18:41 Farm
20:08 Gryphon Aviary
» items
                
                | Scroll of Regeneration | 6 |  | 
| Dust of Appearance | 1 |  | 
| Boots of Speed | 1 |  | 
| Lesser Clarity Potion | 6 |  | 
| Potion of Healing | 5 |  | 
                19 total
  
               team 2 (loser) 
              
              
Nephilhim (
gray | 141 APM | 3176 actions | 22:28)
              
 5 Demon Hunter 
 2 Mana Burn
 3 Evasion
 3 Warden 
 2 Shadow Strike
 1 Blink
 1 Pandaren Brewmaster 
 1 Breath of Fire
 
                » actions 
                
                | Assign group hotkey | 53 |  | 
| Basic commands | 143 |  | 
| Build / train | 89 |  | 
| ESC pressed | 6 |  | 
| Enter build submenu | 15 |  | 
| Enter hero's abilities submenu | 9 |  | 
| Give item / drop item | 5 |  | 
| Remove unit from queue | 4 |  | 
| Right click | 1368 |  | 
| Select / deselect | 748 |  | 
| Select group hotkey | 627 |  | 
| Use ability | 109 |  | 
                3176 total
 » units 
                
                | Wisp | 10 |  | 
| Archer | 22 |  | 
| Druid of the Talon | 9 |  | 
| Druid of the Claw | 5 |  | 
| Chimaera | 2 |  | 
                48 total
 » upgrades
                
                | Improved Bows | 1 |  | 
| Strength of the Moon | 2 |  | 
| Ultravision | 1 |  | 
| Druid of the Talon Training | 1 |  | 
| Druid of the Claw Training | 2 |  | 
| Well Spring | 1 |  | 
| Mark of the Claw | 0 |  | 
                8 total
 » buildings
                
                | Altar of Elders | 2 |  | 
| Moon Well | 5 |  | 
| Ancient of War | 1 |  | 
| Tree of Ages | 2 |  | 
| Hunter's Hall | 1 |  | 
| Ancient of Wonders | 1 |  | 
| Ancient of Wind | 1 |  | 
| Tree of Eternity | 2 |  | 
| Ancient of Lore | 1 |  | 
| Chimaera Roost | 1 |  | 
                17 total
 » build order
                00:05 Altar of Elders
00:06 Altar of Elders
00:20 Moon Well
00:32 Ancient of War
01:32 Moon Well
02:02 Moon Well
03:33 Tree of Ages
03:33 Tree of Ages
04:56 Hunter's Hall
05:01 Moon Well
05:23 Ancient of Wonders
05:59 Ancient of Wind
12:22 Tree of Eternity
13:46 Ancient of Lore
13:51 Moon Well
15:46 Chimaera Roost
» items
                
                | Potion of Healing | 6 |  | 
| Staff of Preservation | 1 |  | 
| Orb of Venom | 1 |  | 
                8 total
  
               observersball_sweets, 
crazeeyes Chat log
          (00:29 / Observers) ball_sweets: how much solo does he play
(00:37 / Observers) crazeeyes: neph?
(00:39 / Observers) ball_sweets: yes
(00:55 / Observers) crazeeyes: he use to be gen-x-dominion but it got erased'
(01:02 / Observers) crazeeyes: thats all he plays unless he at's
(01:10 / Observers) ball_sweets: I don't know who that is so
(01:23 / Observers) crazeeyes: all good
(01:33 / Observers) crazeeyes: how bout him?
(01:41 / Observers) ball_sweets: frosty doesn't really play solo anymore
(01:47 / Observers) ball_sweets: hasn't serioused in 2ish years
(01:55 / Observers) crazeeyes: ic
(02:03 / Observers) ball_sweets: used to be fairly decent though
(19:41 / Observers) crazeeyes: did he get mk?
(19:47 / Observers) crazeeyes: i mean kill him?
(19:49 / Observers) ball_sweets: I think he suicided it on creeps
(19:54 / Observers) crazeeyes: oh
(19:55 / Observers) ball_sweets: not sure
(19:55 / Observers) crazeeyes: lol
(19:59 / Observers) crazeeyes: was lookin for him
(20:00 / Observers) crazeeyes: lol
(21:23 / Observers) ball_sweets: gg
(21:28 / Observers) crazeeyes: there both good actually kinda fun to watch